 Dungeon Crawl Stone Soup version 0.24.0-37-gcf1ca852f1 (webtiles) character file.

Game seed: 15270047708890553567, levelgen mode: deterministic

7179 Bladehorn the Cleaver (level 10, -2/86 (88) HPs)
             Began as a Minotaur Gladiator on Nov 21, 2019.
             Was a Priest of Trog.
             Killed from afar by an orc sorcerer (13 damage)
             ... with a bolt of negative energy
             ... on level 1 of the Orcish Mines on Nov 22, 2019.
             The game lasted 02:50:31 (13007 turns).

Bladehorn the Cleaver (Minotaur Gladiator)         Turns: 13007, Time: 02:50:31

HP:   -2/86 (88)    AC: 15    Str: 19    XL:     10   Next: 86%
MP:   9/9           EV:  9    Int:  5    God:    Trog [***...]
Gold: 980           SH:  0    Dex: 16    Spells: 9/9 levels left

rFire    + . .     SeeInvis .   a - +5 battleaxe
rCold    . . .     Gourm    .   (shield currently unavailable)
rNeg     . . .     Faith    .   T - +2 chain mail {rF+}
rPois    .         Spirit   .   (helmet restricted)
rElec    .         Reflect  .   b - scarf {cloud immunity}
rCorr    .         Harm     .   I - +0 pair of gloves
MR       +++..                  (no boots)
Stlth    ..........             R - amulet of magic regeneration
HPRegen  1.24/turn              h - +3 ring of dexterity
MPRegen  0.36/turn              (no ring)

@: very slightly contaminated, regenerating, lightly drained
A: retaliatory headbutt, horns 2, yellow scales 1, magic resistance 1, weak 1
a: Berserk, Trog's Hand, Renounce Religion


You were on level 1 of the Orcish Mines.
You worshipped Trog.
Trog was most pleased with you.
You were not hungry.

You visited 3 branches of the dungeon, and saw 13 of its levels.
You also visited: Sewer.

You collected 980 gold pieces.

Inventory:

Hand Weapons
 a - a +5 battleaxe (weapon)
 f - a +1 halberd of freezing
 i - a +0 antimagic spear
 r - a cursed +2 spear of freezing
 s - a +0 hunting sling
 t - a +2 trident
 y - a +1 halberd of pain
 E - a +1 trident of pain
 L - a +2 quarterstaff of chaos
Missiles
 d - 20 poisoned darts (quivered)
 n - 4 throwing nets
 J - 9 boomerangs
 N - 60 bolts
 S - 182 stones
Armour
 b - a scarf of cloud immunity (worn)
 c - a +0 hat
 e - a +1 cloak
 k - a +1 scale mail of fire resistance
 I - a +0 pair of gloves (worn)
 T - a +2 chain mail of fire resistance (worn)
 Y - +0 ice dragon scales
Jewellery
 h - a +3 ring of dexterity (left hand)
 R - an amulet of magic regeneration (around neck)
Wands
 w - a wand of random effects (8)
 z - a wand of digging (6)
 Q - a wand of polymorph (20)
 V - a wand of clouds (5)
 X - a wand of iceblast (9)
Scrolls
 g - 5 scrolls of remove curse
 m - 2 scrolls of magic mapping
 o - a scroll of torment
 p - 2 scrolls of fog
 q - a scroll of teleportation
 v - a scroll of acquirement
 x - 2 scrolls of immolation
 B - 2 scrolls of amnesia
Potions
 j - a potion of cancellation
 l - a potion of resistance
 u - 2 potions of haste
 C - 5 potions of flight
 D - 3 potions of curing
 F - a potion of might
 H - a potion of mutation
 P - a potion of brilliance
Comestibles
 A - 16 rations


   Skills:
 * Level 8.1(7.6) Fighting
 * Level 10.7(11.4) Axes
 * Level 9.0(10.6) Polearms
 * Level 8.0(8.1) Slings
 + Level 4.3(5.9) Throwing
 * Level 6.8(6.2) Armour
 + Level 3.7(3.3) Dodging
 + Level 1.0(0.5) Stealth


You had 9 spell levels left.
You didn't know any spells.
Your spell library was empty.

Dungeon Overview and Level Annotations

Branches:
Dungeon (10/15)            Temple (1/1) D:6             Orc (2/2) D:10
  Sewer (visited)
   Lair: D:8-11         Elf: Orc:2

Altars:
Ashenzari
Cheibriados
Dithmenos
Elyvilon
Fedhas
Gozag
Hepliaklqana
Kikubaaqudgha
Nemelex Xobeh
Okawaru
Qazlal
Ru
Trog
Uskayaw
Vehumet
Xom
Yredelemnul
Zin
The Shining One

Annotations:
D:7 2 transporters, bohran's ghost, novice GnFi


Innate Abilities, Weirdness & Mutations

You reflexively headbutt those who attack you in melee.
You have a pair of horns on your head.
You are partially covered in yellow scales. (AC +2)
You are resistant to hostile enchantments. (MR+)
You are weak. (Str -2)


Message History

Press: ? - help, Dir - move target cursor, p - orc warrior You are very lightly contaminated with residual magic.
As you read the scroll of blinking, it crumbles to dust.
The orc warrior hits you from afar with a +0 halberd!
* * * LOW HITPOINT WARNING * * *
You climb upwards.
You stumble into a teleport trap!
You are suddenly yanked towards a nearby monster!
Your surroundings suddenly seem different.
An orc sorcerer comes into view.
It is wielding a +0 dagger and wearing a +0 robe of positive energy.
The orc sorcerer shouts!
Found 24 gold pieces.
Your skin crawls.
You feel resistant to hostile enchantments.
You feel somewhat more hungry.
You can't go down here!
You can't go up here!
An orc wizard comes into view. It is wielding a +0 dagger.
The orc sorcerer gestures at you while chanting.
The bolt of negative energy hits you!
You feel drained.
You die...

## ..# ....
### .....
##.##......
#..@.o.....
#..........
#........$..
#......###..
##.##.## o
## .# .. ..


You could see an orc sorcerer and an orc wizard (wandering).

Vanquished Creatures
  A two-headed ogre (D:8)
  An orc sorcerer (Orc:2)
  Grinder (D:6)
  Prince Ribbit (D:6)
  A troll (D:9)
  A hornet (D:10)
  3 yaks (D:7)
  A warg (D:10)
  Duvessa (D:7)
  3 sky beasts (D:8)
  4 orc warriors
  A necrophage (D:8)
  2 ice beasts (D:5)
  3 ogres
  2 phantoms
  4 centaurs
  3 big kobolds
  4 bullfrogs
  Dowan (D:7)
  4 scorpions
  8 wights
  4 crimson imps
  5 howler monkeys (D:9)
  A centaur zombie (D:5)
  3 hounds
  2 gnoll shamans
  A jelly (D:6)
  11 orc priests
  Crazy Yiuf (D:6)
  10 orc wizards
  4 bullfrog skeletons
  3 iguanas
  6 worker ants
  A hound skeleton (D:5)
  2 worker ant zombies (D:5)
  11 gnolls
  11 adders
  7 river rats (D:5)
  A shadow imp (D:7)
  An ooze (D:2)
  2 adder skeletons
  2 adder zombies (D:5)
  5 worms
  A dart slug (D:4)
  9 leopard geckos
  33 orcs
  6 bats
  4 giant cockroaches
  5 hobgoblins
  4 jackals
  11 quokkas
  4 frilled lizards
  7 goblins
  17 kobolds
  A leopard gecko skeleton (D:4)
  A quokka skeleton (D:5)
  26 rats
273 creatures vanquished.

Vanquished Creatures (others)
  A leopard gecko (D:6)
1 creature vanquished.

Grand Total: 274 creatures vanquished

Notes
Turn   | Place    | Note
-------+----------+-------------------------------------------
     0 | D:1      | Bladehorn the Minotaur Gladiator began the quest for the
                  | Orb.
     0 | D:1      | Reached XP level 1. HP: 18/18 MP: 0/0
   368 | D:1      | Reached XP level 2. HP: 25/25 MP: 1/1
   831 | D:2      | Reached skill level 1 in Slings
   831 | D:2      | Reached XP level 3. HP: 27/30 MP: 2/2
   852 | D:2      | Reached skill level 1 in Armour
  1908 | D:3      | Reached XP level 4. HP: 38/38 MP: 3/3
  3227 | D:4      | Found a shimmering altar of Xom.
  3311 | D:4      | Reached XP level 5. HP: 41/45 MP: 4/4
  3950 | D:5      | Entered Level 5 of the Dungeon
  4001 | D:5      | Reached XP level 6. HP: 51/51 MP: 5/5
  4048 | D:5      | Reached skill level 5 in Polearms
  4096 | D:5      | Found a glowing drain.
  4100 | Sewer    | Entered a sewer
  4432 | Sewer    | Found a glowing silver altar of Zin.
  4797 | D:5      | Reached skill level 1 in Axes
  4841 | D:5      | Reached skill level 2 in Axes
  4841 | D:5      | Reached XP level 7. HP: 45/58 MP: 6/6
  5065 | D:5      | Found a sacrificial altar of Ru.
  5100 | D:5      | Reached skill level 3 in Axes
  5121 | D:5      | Became a worshipper of Ru the Awakened
  5392 | D:5      | Found a snail-covered altar of Cheibriados.
  5392 | D:5      | Found a basalt altar of Yredelemnul.
  5424 | D:5      | Reached skill level 4 in Axes
  5424 | D:5      | Reached skill level 5 in Slings
  5508 | D:5      | Reached skill level 5 in Fighting
  5622 | D:5      | Reached XP level 8. HP: 61/68 MP: 7/7
  5647 | D:5      | Reached skill level 5 in Axes
  6010 | D:6      | Found a staircase to the Ecumenical Temple.
  6031 | Temple   | Entered the Ecumenical Temple
  6047 | Temple   | Fell from the grace of Ru
  6047 | Temple   | Became a worshipper of Trog the Wrathful
  6116 | D:6      | Found a white marble altar of Elyvilon.
  6282 | D:6      | Found a radiant altar of Vehumet.
  6312 | D:6      | Found a runed translucent door.
  6313 | D:6      | Noticed Crazy Yiuf
  6317 | D:6      | Killed Crazy Yiuf
  6317 | D:6      | Reached skill level 6 in Axes
  6428 | D:6      | Noticed Prince Ribbit
  6459 | D:6      | Killed Prince Ribbit
  6708 | D:6      | Noticed Grinder
  6720 | D:6      | Paralysed by Grinder for 4 turns
  6971 | D:6      | Paralysed by Grinder for 4 turns
  6993 | D:6      | Killed Grinder
  7199 | D:6      | Reached skill level 5 in Armour
  7199 | D:6      | Reached XP level 9. HP: 75/75 MP: 8/8
  7588 | D:7      | Reached * piety under Trog
  7609 | D:7      | Reached skill level 7 in Axes
  7961 | D:7      | Reached skill level 8 in Axes
  8108 | D:7      | Noticed Duvessa
  8108 | D:7      | Noticed Dowan
  8124 | D:7      | Killed Duvessa
  8127 | D:7      | Killed Dowan
  8415 | D:7      | Found a transporter.
  8423 | D:7      | Noticed a moth of wrath
  8440 | D:7      | Found a transporter.
  8446 | D:7      | Found a bloodstained altar of Trog.
  8446 | D:7      | Noticed bohran's ghost (novice GnFi)
  8460 | D:7      | Identified the cursed +1 quarterstaff "Egidexia" {freeze,
                  | Int+3 Dex-4}
  8460 | D:7      | Noticed a tengu warrior
  9160 | D:8      | Noticed a two-headed ogre
  9289 | D:8      | Killed a two-headed ogre
  9289 | D:8      | Reached skill level 9 in Axes
  9289 | D:8      | Reached XP level 10. HP: 76/84 MP: 9/9
  9436 | D:8      | Found a stormy altar of Qazlal.
 10182 | D:9      | Reached ** piety under Trog
 10394 | D:9      | Gained mutation: You are partially covered in yellow
                  | scales. (AC +2) [potion of mutation]
 10394 | D:9      | Gained mutation: You are weak. (Str -2) [potion of
                  | mutation]
 10394 | D:9      | Gained mutation: You are resistant to hostile enchantments.
                  | (MR+) [potion of mutation]
 10401 | D:9      | Identified a scroll of acquirement
 10817 | D:9      | Found a shattered altar of Ashenzari.
 12203 | D:10     | Entered Level 10 of the Dungeon
 12275 | D:10     | Reached skill level 10 in Axes
 12361 | D:10     | Found a staircase to the Orcish Mines.
 12398 | Orc:1    | Entered Level 1 of the Orcish Mines
 12407 | Orc:1    | Reached skill level 1 in Stealth
 12410 | Orc:1    | Reached *** piety under Trog
 12866 | Orc:2    | Entered Level 2 of the Orcish Mines
 12910 | Orc:2    | Noticed an orc sorcerer
 12922 | Orc:2    | Killed an orc sorcerer
 13001 | Orc:2    | HP: 4/86 [orc warrior/+0 halberd (15)]
 13002 | Orc:1    | Noticed an orc sorcerer
 13007 | Orc:1    | Killed from afar by an orc sorcerer

Levels and vault maps discovered:
D:1:      lightli_arrival_maybe_door_vault, layout_loops_ring
D:2:      layout_basic, minmay_close_crescents
D:3:      layout_loops_corners, first_ration
D:4:      layout_basic, xom_butterflies
D:5:      lemuel_ratsnest, layout_basic, nicolae_ru_sacrificial_ziggurat,
          gammafunk_temple_overflow_wave, gup_sewer_entry_spiral
D:6:      layout_loops_ring, vehumet_crystals, minmay_temple_entry_trees,
          elyvilon_altar_4, uniq_grinder, uniq_prince_ribbit1,
          uniq_crazy_yiuf_cottage
D:7:      layout_basic, gammafunk_ghost_wrathful_warriors, uniq_duvessa
D:8:      layout_rooms, kennysheep_mini_moat
D:9:      layout_gridville, basic_altar
D:10:     layout_irregular_city, lair_entry_dummy, erik_orc_3
Temple:   lightli_temple_of_artemis
Orc:1:    layout_caves, minmay_orc_keep, uniq_snorg
Orc:2:    st_orc_congregation, layout_caves, basic_altar, serial_shops, shop

Skill      XL: |  1  2  3  4  5  6  7  8  9 10 |
---------------+-------------------------------+-----
Polearms       | 4 5 6 8 9 |  9.0
Slings         | 1 2 3 4 5 6 7 8 |  8.0
Armour         | 1 2 3 5 6 |  6.8
Fighting       | 3 5 6 7 8 |  8.1
Axes           | 2 4 6 9 10 | 10.7
Throwing       | 3 4 |  4.3
Stealth        | 1 |  1.0
Dodging        | |  3.7

Action                   |  1- 3 |  4- 6 |  7- 9 | 10-12 || total
-------------------------+-------+-------+-------+-------++-------
Melee: Trident           |    57 |    86 |     7 |       ||   150
       Headbutt          |     7 |    23 |    55 |    26 ||   111
       Battleaxe         |       |    32 |   294 |   143 ||   469
       Halberd           |       |       |     3 |       ||     3
 Fire: Hunting sling     |    41 |    79 |    89 |    54 ||   263
Throw: Dart              |     6 |     8 |    85 |    51 ||   150
       Stone             |     3 |       |       |       ||     3
       Throwing net      |       |       |     4 |     3 ||     7
Invok: Berserk           |       |       |       |     1 ||     1
       Trog's Hand       |       |       |       |     1 ||     1
  Use: Scroll            |     5 |     3 |     6 |    12 ||    26
       Potion            |       |     1 |       |     8 ||     9
 Stab: Held in net/web   |       |       |       |     3 ||     3
  Eat: Chunk             |     3 |     2 |     7 |     2 ||    14
       Ration            |       |     2 |     3 |     3 ||     8
Armor: Leather armour    |     1 |       |       |       ||     1
       Scale mail        |    11 |     2 |       |       ||    13
       Chain mail        |       |    52 |   206 |    91 ||   349
Dodge: Dodged            |    30 |    36 |   182 |    68 ||   316
